 Dungeon Crawl Stone Soup version 0.28.0-53-g5a82cb258f (webtiles) character file.

Game seed: 15414589502183916737

146 Godmorgon the Covered (level 5, 0/47 HPs)
             Began as a Minotaur Fighter on Aug 6, 2022.
             Succumbed to a gnoll's poison
             ... on level 2 of the Dungeon.
             The game lasted 00:12:04 (3050 turns).

Godmorgon the Covered (Minotaur Fighter)            Turns: 3050, Time: 00:12:05

Health: 0/47       AC:  7    Str: 24    XL:     5   Next: 7%
Magic:  4/4        EV:  9    Int:  5    God:
Gold:   81         SH:  4    Dex: 10    Spells: 4/4 levels left

rFire   + . .      SeeInvis +   b - +10 hunting sling of Irksome Prudence {vorpal, rPois rC+ Str+2 SInv}
rCold   + + .      Faith    .   c - +0 buckler
rNeg    . . .      Spirit   .   m - +0 scale mail
rPois   +          Reflect  .   (helmet restricted)
rElec   +          Harm     .   (no cloak)
rCorr   +          Rampage  .   (no gloves)
Will    .....                   (no boots)
Stlth   ..........              (no amulet)
HPRegen 0.15/turn               (no ring)
MPRegen 0.09/turn               (no ring)

@: lethally poisoned (0 -> -2), about to teleport, resistant
A: horns 2, retaliatory headbutt
a: no special abilities


You were on level 2 of the Dungeon.
You visited 1 branch of the dungeon, and saw 3 of its levels.

You collected 81 gold pieces.

Inventory:

Hand Weapons
 a - a +0 flail
 b - the +10 hunting sling of Irksome Prudence (weapon) {vorpal, rPois rC+ Str+2 SInv}
   (You found it on level 2 of the Dungeon)

   Any ammunition fired from it inflicts extra damage upon your enemies.
   Str:       It affects your strength (+2).
   rC:        It protects you from cold.
   rPois:     It protects you from poison.
   SInv:      It lets you see invisible.
Missiles
 l - 3 atropa-tipped darts
 n - 12 sling bullets (quivered ammo)
 o - 31 stones
 p - 5 poisoned darts
Armour
 c - a +0 buckler (worn)
 m - a +0 scale mail (worn)
Jewellery
 i - a +6 ring of intelligence
Scrolls
 e - a scroll of identify
 h - a scroll of teleportation
 k - a scroll of fog
Potions
 d - a potion of might
 f - a potion of degeneration


   Skills:
 + Level 4.5 Fighting
 * Level 3.7 Maces & Flails
 * Level 0.4(1.1) Slings
 + Level 1.2(1.3) Throwing
 + Level 4.5 Armour
 + Level 4.4 Shields


You had 4 spell levels left.
You didn't know any spells.
Your spell library was empty.

Dungeon Overview and Level Annotations

Branches:
Dungeon (3/15)

Altars:
Nemelex Xobeh


Innate Abilities, Weirdness & Mutations

You have a pair of horns on your head.
You reflexively headbutt those who attack you in melee.


Message History

You are lethally poisoned!
You feel stronger.
b - the +10 hunting sling of Irksome Prudence (weapon)
{vorpal, rPois rC+ Str+2 SInv}
* * * LOW HITPOINT WARNING * * *
You feel sick.
Fire: 13 sling bullets
Press: ? - help, Q - select action, (/) - cycle Shift-Dir - straight line, f/p - gnoll
Aim: a gnoll, wielding a +2 flail of venom (moderately wounded, 72% to hit)
You shoot a sling bullet. The sling bullet hits the gnoll!
You kill the gnoll!
* * * LOW HITPOINT WARNING * * *
You feel sick.
You have reached level 5!
Okay, then.
As you read the scroll labelled KUPISTRU LEISUH, it crumbles to dust.
It is a scroll of identify.
f - a potion of degeneration
* * * LOW HITPOINT WARNING * * *
You feel sick.
As you read the scroll of identify, it crumbles to dust.
j - a potion of resistance
* * * LOW HITPOINT WARNING * * *
You feel sick.
Okay, then.
Blink to where?
Press: ? - help, Dir - move target
As you read the scroll labelled OMIYNIWUSI, it crumbles to dust.
It was a scroll of blinking.
* * * LOW HITPOINT WARNING * * *
You feel sick.
As you read the scroll labelled SEVYUCR UWOO, it crumbles to dust.
You feel strangely unstable.
It was a scroll of teleportation.
* * * LOW HITPOINT WARNING * * *
You feel sick.
As you read the scroll labelled DARYNI DUFUT, it crumbles to dust.
The scroll dissolves into smoke.
It was a scroll of fog.
* * * LOW HITPOINT WARNING * * *
You feel sick.
You feel protected.
You die...

#...####### #...##.##.#
############ #.........#
...........#
#.####.#######
##.####.##.#
#............#
#.####.##.#
#..######.##.#
#.#....##.# #..# #.##.#
#.#.#####.#########..#
#.##.#
#.#.#####§...§§@§§...#
#.##.#
#.#.##..(.######§##.##
#.##..
#.#.##.##......#§##.####
#.####
##.#.##.##.####.#.#.....#
#.## ...#....##.#
#.#.#.###.# #..#
##########.## #.#.#.#
#.#####.# ...#........#
#.#.#.# #.......#
##.#.#####..###.#.#.#
######### ##.#.#
#...##.#.#.# #.......###


There were no monsters in sight!

Vanquished Creatures
  An orc priest (D:2)
  2 gnolls
  2 adders (D:2)
  3 worms (D:2)
  A dart slug (D:1)
  4 orcs
  3 endoplasms (D:1)
  3 giant cockroaches
  3 goblins
  11 hobgoblins
  2 jackals (D:1)
  4 quokkas
  3 ball pythons
  8 bats
  4 frilled lizards
  4 kobolds
  7 rats
65 creatures vanquished.

Vanquished Creatures (others)
  2 plants (D:1)
2 creatures vanquished.

Grand Total: 67 creatures vanquished

Notes
Turn   | Place    | Note
-------+----------+-------------------------------------------
     0 | D:1      | Godmorgon the Minotaur Fighter began the quest for the Orb.
     0 | D:1      | Reached XP level 1. HP: 19/19 MP: 0/0
     6 | D:1      | Noticed a komodo dragon
     6 | D:1      | Noticed a hog
     6 | D:1      | Noticed a six-headed hydra
     7 | D:1      | Noticed an anaconda
   172 | D:1      | Reached XP level 2. HP: 27/27 MP: 1/1
   207 | D:1      | Found a faded altar of an unknown god.
   932 | D:1      | Reached XP level 3. HP: 33/33 MP: 2/2
  1024 | D:2      | Reached XP level 4. HP: 39/40 MP: 3/3
  1213 | D:2      | Reached skill level 1 in Throwing
  1743 | D:2      | Identified the +10 hunting sling of Irksome Prudence
                  | {vorpal, rPois rC+ Str+2 SInv}
  2708 | D:3      | Found a sparkling altar of Nemelex Xobeh.
  3045 | D:2      | Reached XP level 5. HP: 6/47 MP: 4/4
  3048 | D:2      | HP: 2/47 [poisoned by a gnoll]
  3050 | D:2      | Succumbed to a gnoll's poison

Illustrated notes

Levels and vault maps discovered:
D:1:      onia_arrival_zoo_common, layout_loops_cross,
          shapermc_ecumenical_altar_ellora, minivault_23
D:2:      layout_loops_ring, serial_co_window_serial,
          co_window_of_opportunity_a, co_window_paths_b, co_window_paths_b,
          co_window_paths_a, co_window_corner_a, co_window_paths_c,
          co_window_of_opportunity_c, co_window_broadway_a, co_window_2corner,
          co_window_broadway_c, co_window_4corner_b, glass_columns_a,
          glass_columns_a, glass_columns_c, glass_columns_a, glass_columns_a,
          nicolae_underground_beach
D:3:      layout_basic, nemelex_xobeh_ov_fountains_minmay,
          jmf_multi_god_temple2, serial_shops, nicolae_shop_advertising_works
          [nicolae_subvault_shop_adworks], st_stairs_9, kennysheep_pointless_box

Skill      XL: |  1  2  3  4 |
---------------+-------------+-----
Shields        | 4 |  4.4
Fighting       | 4 |  4.5
Armour         | 4 |  4.5
Maces & Flails | 3 |  3.7
Throwing       | 1 |  1.2
Slings         | |  0.4

Action                   |  1- 3 |  4- 6 || total
-------------------------+-------+-------++-------
Melee: Flail             |    70 |    71 ||   141
       Headbutt          |     6 |    13 ||    19
 Fire: Hunting sling     |       |     4 ||     4
Throw: Dart              |       |     1 ||     1
  Use: Scroll            |       |     5 ||     5
       Potion            |       |     1 ||     1
Armor: Scale mail        |    28 |    40 ||    68
Dodge: Dodged            |    37 |    21 ||    58
Block: Buckler           |    11 |    14 ||    25
